 Dungeon Crawl Stone Soup version 0.30-a0-728-gc68057be0a (webtiles) character file.

Game seed: 14304220797607967702

6897 Conn the Arsonist (level 11, -14/65 HPs)
             Began as an Octopode Fire Elementalist on Jan 30, 2023.
             Was a Priest of Sif Muna.
             Demolished by a gargoyle
             ... wielding a +0 mace
              (21 damage)
             ... on level 11 of the Dungeon.
             The game lasted 00:49:48 (12782 turns).

Conn the Arsonist (Octopode Fire Elementalist)     Turns: 12782, Time: 00:49:48

Health: -14/65     AC:  1    Str:  8    XL:     11   Next: 6%
Magic:  3/24       EV: 14    Int: 21    God:    Sif Muna [***...]
Gold:   478        SH:  0    Dex: 13    Spells: 6/28 levels left

rFire   . . .      SeeInvis .    p - +4 dagger (holy)
rCold   . . .      Faith    +    (no shield)
rNeg    . . .      Spirit   .    (helmet restricted)
rPois   .          Reflect  .    d - amulet of faith
rElec   .          Harm     .    (no ring)
rCorr   .          Rampage  .    (no ring)
Will    .....                    (no ring)
Stlth   ++++                     (no ring)
HPRegen 0.30/turn                (no ring)
MPRegen 0.19/turn                (no ring)
                                 (no ring)
                                 (no ring)

@: very slightly contaminated
A: almost no armour, amphibious, 8 rings, camouflage 1, gelatinous body 1,
(nimble swimmer 1), tentacles
a: Renounce Religion, Channel Magic, Forget Spell


You were on level 11 of the Dungeon.
You worshipped Sif Muna.
Sif Muna was most pleased with you.
You visited 2 branches of the dungeon, and saw 12 of its levels.

You collected 1564 gold pieces.
You spent 1086 gold pieces at shops.

Inventory:

Hand Weapons
 k - a +8 short sword
 l - a +0 shortbow of freezing
 m - a +0 short sword
 p - a +4 dagger of holy wrath (weapon)
Missiles
 n - 2 curare-tipped darts
 r - 4 throwing nets
Jewellery
 d - an amulet of faith (around mantle)
Wands
 i - a wand of iceblast (6)
 q - a wand of flame (13)
Scrolls
 b - 10 scrolls of identify
 e - a scroll of teleportation
 f - 2 scrolls of silence
 u - a scroll of fog
 w - a scroll of enchant armour {unknown}
Potions
 a - a potion of magic
 g - 2 potions of mutation
 j - 4 potions of curing
 o - 3 potions of brilliance
 s - 3 potions of resistance
 t - 3 potions of might
 v - 2 potions of haste
 x - 2 potions of attraction {unknown}
Miscellaneous
 y - a box of beasts


   Skills:
 + Level 2.5 Fighting
 + Level 2.1 Short Blades
 + Level 3.5 Dodging
 + Level 5.6 Stealth
 + Level 0.7 Unarmed Combat
 + Level 9.1 Spellcasting
 * Level 6.4 Conjurations
 + Level 2.3 Hexes
 + Level 9.2 Fire Magic
 * Level 3.4 Earth Magic
 * Level 3.1 Invocations
 + Level 0.4 Evocations


You had 6 spell levels left.
You knew the following spells:

 Your Spells              Type           Power      Damage    Failure   Level
a - Foxfire               Conj/Fire      100%       2x1d9     1%          1
b - Stone Arrow           Conj/Erth      60%        3d10      2%          3
c - Inner Flame           Hex/Fire       33%        N/A       1%          3
d - Flame Wave            Conj/Fire      42%        2d11      2%          4
e - Scorch                Fire           96%        2d9       1%          2
f - Fireball              Conj/Fire      21%        3d10      8%          5
g - Iskenderun's Mystic   Conj/Tloc      23%        2d6       19%         4

Your spell library contained the following spells:

 Spells                   Type           Power      Damage    Failure   Level
 Dazzling Flash           Conj/Hex       56%        N/A       3%          3
 Kindle Blastsparks       Fire/Tloc/Air  44%        2d13      6%          3
 Iskenderun's Battlesphe  Conj           36%        2d9       14%         5
 Starburst                Conj/Fire      21%        6d7       41%         6
 Conjure Ball Lightning   Conj/Air       11%        3x3d6     96%         6
 Summon Cactus Giant      Summ           4%         N/A       100%        6
 Orb of Destruction       Conj           18%        9d8       99%         7
 Lehudib's Crystal Spear  Conj/Erth      15%        10d5      100%        8
 Animate Armour           Summ/Erth      Unusable   N/A       N/A         4

Dungeon Overview and Level Annotations

Branches:
Dungeon (11/15)            Temple (1/1) D:5             Orc (0/2) D:9
   Lair: D:8-11

Altars:
Cheibriados
Dithmenos
Elyvilon
Hepliaklqana
Kikubaaqudgha
Okawaru
Qazlal
Sif Muna
Trog
Uskayaw
Xom
Yredelemnul

Shops:
D:9 [:   D:10 :


Innate Abilities, Weirdness & Mutations

You cannot wear most types of armour.
You are amphibious.
You can wear up to eight rings at the same time.
Your skin changes colour to match your surroundings (Stealth+).
Your rubbery body absorbs attacks. (AC +1, EV +1)
((You are camouflaged when in or above water. (Stealth+)))
You have tentacles for arms and can constrict up to eight enemies at once.


Message History

Nothing appears to happen.
The gargoyle hits you with a +0 mace!
Casting: Iskenderun's Mystic Blast (dangerous; 19% risk of failure)
Confirm with . or Enter, or press ? or * to list all spells.
You erupt in a blast of force!
The mystic blast hits the gargoyle but does no damage.
The gargoyle is severely damaged.
The gargoyle hits you with a +0 mace!!
* * * LOW HITPOINT WARNING * * *
Okay, then.
Unknown command.
You feel much better.
The gargoyle hurls a stone arrow at you.
The stone arrow hits you!!
* * * LOW HITPOINT WARNING * * *
Casting: Iskenderun's Mystic Blast (dangerous; 19% risk of failure)
Confirm with . or Enter, or press ? or * to list all spells.
Okay, then.
Unknown command.
Unknown command.
Unknown command.
Unknown command.
Aiming: Charm
Press: ? - help, Shift-Dir - straight line, f - gargoyle
Aim: a gargoyle, wielding a +0 mace (severely damaged, chance to affect: 32%)
Okay, then.
Unknown command.
Okay, then.
Unknown command.
Unknown command.
Unknown command.
Press: ? - help, v - describe, . - travel
Here: a gargoyle, wielding a +0 mace (severely damaged)
The floor.
Unknown command.
Aiming: Charm
Press: ? - help, Shift-Dir - straight line, f - gargoyle
Aim: a gargoyle, wielding a +0 mace (severely damaged, chance to affect: 32%)
The gargoyle easily resists.
The now-empty wand crumbles to dust.
The gargoyle hits you with a +0 mace!!
You die...

####### #..
.$# ..(...
###.#.#####
#.$...#...#
#.###@#.#.#.##
#>...9.......$
#.......#$#.##
#....<#.#
#.).......#
#####.#...#
..###.# ... .#
..## .#


You could see a gargoyle.

Vanquished Creatures
  Maggie (D:6)
  A troll (D:10)
  Grinder (D:3)
  A shadow (D:9)
  3 wyverns
  5 yaks (D:10)
  A basilisk (D:10)
  2 steam dragons
  An acid dragon (D:9)
  A water moccasin (D:6)
  2 sky beasts
  2 black bears
  6 orc warriors
  An ice beast (D:7)
  2 ogres
  5 centaurs
  2 kobold brigands
  3 phantoms
  6 bullfrogs
  A scorpion (D:4)
  A gnoll sergeant (D:10)
  2 necrophages
  3 wights (D:7)
  Dowan (D:5)
  8 killer bees
  A howler monkey (D:8)
  3 hounds
  4 orc priests
  Crazy Yiuf (D:5)
  2 gnoll boudas
  4 jellies
  An iguana (D:6)
  Ijyb (D:3)
  Terence (D:2)
  8 orc wizards
  Robin (D:2)
  8 adders
  11 gnolls
  2 white imps
  2 worms (D:4)
  2 dart slugs (D:1)
  28 orcs
  9 ball pythons
  8 endoplasms
  3 giant cockroaches
  22 goblins
  14 hobgoblins
  5 jackals
  17 kobolds
  2 quokkas
  4 bats
  4 frilled lizards
  8 rats
238 creatures vanquished.

Vanquished Creatures (collateral kills)
  Duvessa (D:5)
1 creature vanquished.

Vanquished Creatures (others)
  A gnoll (D:6)
  A giant cockroach (D:2)
  660 foxfires
662 creatures vanquished.

Grand Total: 901 creatures vanquished

Notes
Turn   | Place    | Note
-------+----------+-------------------------------------------
     0 | D:1      | Conn the Octopode Fire Elementalist began the quest for the
                  | Orb.
     0 | D:1      | Reached XP level 1. HP: 11/11 MP: 3/3
   227 | D:1      | Reached XP level 2. HP: 17/17 MP: 1/5
   686 | D:1      | Reached XP level 3. HP: 21/21 MP: 3/6
  1286 | D:1      | Learned a level 2 spell: Scorch
  1290 | D:1      | Learned a level 3 spell: Inner Flame
  1392 | D:2      | Reached XP level 4. HP: 27/27 MP: 4/7
  1397 | D:2      | Noticed Robin
  1466 | D:2      | Killed Robin
  1850 | D:2      | Noticed Terence
  1948 | D:2      | Reached XP level 5. HP: 31/31 MP: 4/9
  2354 | D:2      | Killed Terence
  2714 | D:3      | Noticed Grinder
  2717 | D:3      | Noticed a sky beast
  3002 | D:3      | Found a bloodstained altar of Trog.
  3002 | D:3      | Found an iron altar of Okawaru.
  3008 | D:3      | Reached XP level 6. HP: 37/37 MP: 7/11
  3421 | D:3      | Killed a sky beast
  3422 | D:3      | Reached skill level 1 in Fighting
  3639 | D:3      | Noticed Ijyb
  3653 | D:3      | Killed Ijyb
  3782 | D:3      | Paralysed by Grinder for 4 turns
  3787 | D:3      | Killed Grinder
  3788 | D:3      | Reached skill level 1 in Short Blades
  3788 | D:3      | Reached XP level 7. HP: 16/43 MP: 0/13
  4107 | D:4      | Reached skill level 5 in Fire Magic
  4797 | D:4      | Reached skill level 5 in Spellcasting
  4797 | D:4      | Reached XP level 8. HP: 48/48 MP: 7/15
  4968 | D:5      | Entered Level 5 of the Dungeon
  5020 | D:5      | Found a staircase to the Ecumenical Temple.
  5048 | Temple   | Entered the Ecumenical Temple
  5058 | Temple   | Became a worshipper of Sif Muna the Loreminder
  5190 | D:5      | Found a snail-covered altar of Cheibriados.
  5231 | D:5      | Noticed Duvessa
  5237 | D:5      | Noticed Dowan
  5263 | D:5      | Killed Duvessa
  5431 | D:5      | Found a hazy altar of Hepliaklqana.
  5478 | D:5      | Found a runed translucent door.
  5479 | D:5      | Noticed Crazy Yiuf
  5486 | D:5      | Killed Crazy Yiuf
  5717 | D:4      | Learned a level 4 spell: Flame Wave
  5743 | D:5      | Killed Dowan
  6039 | D:6      | Found a shimmering altar of Xom.
  6375 | D:6      | Noticed Maggie
  6395 | D:6      | Killed Maggie
  6396 | D:6      | Reached skill level 5 in Stealth
  6396 | D:6      | Reached XP level 9. HP: 47/54 MP: 10/19
  6566 | D:6      | Reached * piety under Sif Muna
  7243 | D:7      | Found a shadowy altar of Dithmenos.
  7570 | D:8      | Identified a scroll of acquirement
  7570 | D:8      | Acquired 964 gold pieces
  7889 | D:8      | Found a white marble altar of Elyvilon.
  7889 | D:8      | Found a stormy altar of Qazlal.
  8017 | D:8      | Reached skill level 1 in Hexes
  8196 | D:8      | Reached ** piety under Sif Muna
  8810 | D:7      | Reached XP level 10. HP: 44/61 MP: 15/22
  8856 | D:7      | Reached skill level 5 in Conjurations
  8964 | D:7      | Learned a level 3 spell: Stone Arrow
  9461 | D:7      | Found a basalt altar of Yredelemnul.
  9920 | D:7      | Reached skill level 1 in Earth Magic
 10657 | D:9      | Reached skill level 1 in Invocations
 10901 | D:9      | Found Wonlarchu's Book Shop.
 10927 | D:9      | Reached *** piety under Sif Muna
 10953 | D:9      | Found a staircase to the Orcish Mines.
 11343 | D:9      | Found Faph's Armour Boutique.
 11385 | D:9      | Bought a book of the Spheres for 702 gold pieces
 11392 | D:9      | Learned a level 5 spell: Fireball
 11741 | D:10     | Entered Level 10 of the Dungeon
 11745 | D:10     | Found Ludusmoi's Book Boutique.
 11975 | D:10     | Found an ancient bone altar of Kikubaaqudgha.
 11997 | D:10     | Bought a book of Spectacle for 384 gold pieces
 12175 | D:10     | Reached XP level 11. HP: 37/65 MP: 18/24
 12373 | D:10     | Learned a level 4 spell: Iskenderun's Mystic Blast
 12373 | D:10     | Found a hide-covered altar of Uskayaw.
 12780 | D:11     | HP: 1/65 [gargoyle/+0 mace (21)]
 12782 | D:11     | Demolished by a gargoyle

Illustrated notes

Levels and vault maps discovered:
D:1:      ebering_trefoil_3fold, layout_basic, minmay_pentomino_x4
D:2:      minmay_evil_eye, layout_rooms, grunt_ministairs_8, uniq_terence,
          uniq_robin
D:3:      layout_loops_cross, grunt_temple_overflow_bloody_war, uniq_ijyb,
          uniq_grinder
D:4:      layout_basic
D:5:      layout_rooms, worldfamousw_hep_ancestral_shrine,
          mainiacjoe_overflow_tiny_flanked, minmay_temple_entry_mini_moons,
          mrwooster_statue_mirror, uniq_duvessa, uniq_crazy_yiuf_cottage
D:6:      layout_basic, kennysheep_little_box, uniq_maggie
D:7:      layout_basic, mainiacjoe_overflow_paths, mainiacjoe_overflow_catwalk,
          grunt_ogre_cave
D:8:      kennysheep_spiral_hall, layout_cave_pods,
          gammafunk_temple_overflow_elements, minivault_27,
          lemuel_flamethrower_2
D:9:      layout_cave_pools, orc_david_3, serial_shops, shop,
          amcnicky_mini_corridor_feature, nrook_uturn
D:10:     kennysheep_blocky_hall, layout_rooms, mainiacjoe_overflow_alcove_1,
          kiku_gazebo_pond_becter, serial_shops, nicolae_shop_trees
D:11:     layout_basic, david_lair_shrubbed, serial_shops, nicolae_shop_crystal,
          minmay_variable_closet
Temple:   bh_familiar_temple

Skill      XL: |  1  2  3  4  5  6  7  8  9 10 11 |
---------------+----------------------------------+-----
Stealth        | 3 4 5 |  5.6
Conjurations   | 2 3 4 6 |  6.4
Spellcasting   | 3 4 5 6 8 9 |  9.1
Fire Magic     | 4 5 6 8 9 |  9.2
Fighting       | 1 2 |  2.5
Short Blades   | 1 2 |  2.1
Dodging        | 3 |  3.5
Hexes          | 2 |  2.3
Earth Magic    | 2 3 |  3.4
Invocations    | 3 |  3.1
Unarmed Combat | |  0.7
Evocations     | |  0.4

Action                     |  1- 3 |  4- 6 |  7- 9 | 10-12 || total
---------------------------+-------+-------+-------+-------++-------
  Melee: Unarmed           |    13 |       |       |       ||    13
         Constrict         |     3 |    13 |     5 |     1 ||    22
         Tentacles         |     5 |    12 |     7 |     3 ||    27
         Short sword       |     1 |    81 |    12 |       ||    94
         Punch             |       |     1 |       |       ||     1
         Dagger            |       |       |    10 |     9 ||    19
   Cast: Foxfire           |    45 |   102 |   145 |    97 ||   389
         Scorch            |     1 |    20 |    45 |    33 ||    99
         Inner Flame       |       |     1 |     7 |     4 ||    12
         Flame Wave        |       |       |     6 |    10 ||    16
         Fireball          |       |       |       |     5 ||     5
         Iskenderun's Myst |       |       |       |     4 ||     4
 Invoke: Channel Magic     |       |       |       |     2 ||     2
  Evoke: Wand              |       |       |     2 |     1 ||     3
    Use: Scroll            |     1 |     7 |     8 |     4 ||    20
         Potion            |       |     4 |     5 |     2 ||    11
   Stab: Sleeping          |     2 |     3 |     5 |     2 ||    12
 Armour: Skin              |     1 |    45 |     4 |     1 ||    51
  Dodge: Dodged            |    12 |    46 |    52 |    16 ||   126

Table legend: (Time is in decaauts)
 A = Elapsed time spent in this place.
 B = Non-inter-level travel time spent in this place.
 C = Inter-level travel time spent in this place.
 D = Time resting spent in this place.
 E = Time spent auto-exploring this place.
 F = Levels seen in this place.
 G = Mean time per level.
                   A        B        C        D        E       F      G
               +--------+--------+--------+--------+--------+-----+--------+
         Total |  12791 |  12442 |    349 |    952 |   8386 |  12 | 1065.9 |
       Dungeon |  12775 |  12426 |    349 |    952 |   8381 |  11 | 1161.4 |
        Temple |     16 |     16 |      0 |      0 |      5 |   1 |   16.0 |
               +--------+--------+--------+--------+--------+-----+--------+

Top non-repeatable levels by time:
     D:8: 2140 daAuts
     D:1: 1575 daAuts
     D:6: 1527 daAuts
     D:7: 1382 daAuts
     D:2: 1232 daAuts
     D:3: 1189 daAuts
     D:4: 1102 daAuts
    D:10: 1022 daAuts
     D:9: 882 daAuts
     D:5: 702 daAuts
    D:11: 17 daAuts
  Temple: 16 daAuts
